General information
- name: BNet
- type: Ladder team game (AT/RT)
- host: Battle.net
- saver: FrancaisForce
map: Battleground
- players: 8
- length: 10:21
- speed: Fast
- version: 1.28 W3XP
- replay type: Public
» download(90 KB)
Players
team 1 (loser)

»
Hasdrubal1989 (
pink | 40 APM | 417 actions | 10:21)
4 Death Knight
2 Death Coil
2 Unholy Aura
» actions
| Assign group hotkey | 12 | |
| Build / train | 29 | |
| Enter build submenu | 8 | |
| Enter hero's abilities submenu | 5 | |
| Give item / drop item | 1 | |
| Right click | 151 | |
| Select / deselect | 83 | |
| Select group hotkey | 88 | |
| Use ability | 40 | |
417 total
» units
| Acolyte | 3 | |
| Ghoul | 1 | |
| Crypt Fiend | 9 | |
13 total
» buildings
| Crypt | 1 | |
| Ziggurat | 4 | |
| Graveyard | 1 | |
| Altar of Darkness | 1 | |
| Nerubian Tower | 1 | |
| Tomb of Relics | 1 | |
| Spirit Tower | 1 | |
| Halls of the Dead | 1 | |
11 total
» build order
00:20 Crypt
00:22 Ziggurat
00:37 Graveyard
00:48 Altar of Darkness
01:16 Nerubian Tower
01:33 Tomb of Relics
01:50 Ziggurat
02:45 Spirit Tower
04:31 Ziggurat
05:15 Halls of the Dead
08:09 Ziggurat
» items
| Rod of Necromancy | 2 | |
| Potion of Healing | 2 | |
| Potion of Mana | 2 | |
| Scroll of Town Portal | 2 | |
8 total
FrancaisForce (
purple | 35 APM | 359 actions | 10:21)
» actions
| Basic commands | 26 | |
| Build / train | 35 | |
| Enter build submenu | 27 | |
| Right click | 105 | |
| Select / deselect | 134 | |
| Use ability | 32 | |
359 total
» units
» upgrades
| Masonry | 2 | |
| Lumber Harvesting | 1 | |
| Gunpowder | 1 | |
4 total
» buildings
| Lumber Mill | 1 | |
| Scout Tower | 11 | |
| Arcane Tower | 2 | |
| Guard Tower | 8 | |
| Keep | 1 | |
| Blacksmith | 2 | |
| Farm | 4 | |
| Workshop | 2 | |
| Watch Tower | 6 | |
37 total
» build order
00:28 Lumber Mill
00:48 Scout Tower
00:51 Scout Tower
00:53 Scout Tower
01:12 Scout Tower
01:15 Scout Tower
01:20 Arcane Tower
01:22 Scout Tower
01:26 Scout Tower
01:43 Arcane Tower
02:07 Guard Tower
02:09 Guard Tower
02:21 Guard Tower
02:30 Guard Tower
02:44 Scout Tower
02:47 Scout Tower
02:51 Scout Tower
02:55 Scout Tower
03:30 Keep
03:48 Guard Tower
03:50 Guard Tower
03:59 Guard Tower
04:03 Guard Tower
04:42 Blacksmith
04:45 Farm
04:45 Farm
05:40 Blacksmith
06:59 Workshop
07:03 Workshop
08:07 Farm
08:11 Farm
09:15 Watch Tower
09:16 Watch Tower
09:17 Watch Tower
09:47 Watch Tower
09:47 Watch Tower
09:50 Watch Tower

»
Chipsy89 (
red | 31 APM | 286 actions | 09:05)
3 Far Seer
2 Feral Spirit
1 Far Sight
» actions
| Build / train | 35 | |
| Enter build submenu | 11 | |
| Enter hero's abilities submenu | 3 | |
| Give item / drop item | 2 | |
| Right click | 120 | |
| Select / deselect | 94 | |
| Use ability | 21 | |
286 total
» units
» upgrades
| Melee Weapons | 2 | |
| Armor | 2 | |
| Pillage | 1 | |
| Spiked Barricades | 1 | |
| Berserker Strength | 1 | |
7 total
» buildings
| Altar of Storms | 1 | |
| Orc Burrow | 5 | |
| Barracks | 1 | |
| War Mill | 1 | |
| Voodoo Lounge | 1 | |
| Stronghold | 1 | |
| Great Hall | 1 | |
11 total
» build order
00:25 Altar of Storms
00:56 Orc Burrow
01:31 Barracks
01:56 Orc Burrow
02:44 War Mill
02:56 Orc Burrow
04:01 Voodoo Lounge
05:28 Orc Burrow
05:30 Stronghold
07:05 Orc Burrow
07:34 Great Hall
» items
| Healing Salve | 2 | |
| Boots of Speed | 1 | |
| Scroll of Speed | 1 | |
4 total

»
big69 (
yellow | 41 APM | 303 actions | 07:18)
2 Death Knight
1 Death Coil
1 Unholy Aura
» actions
| Assign group hotkey | 5 | |
| Basic commands | 5 | |
| Build / train | 17 | |
| Enter build submenu | 8 | |
| Enter hero's abilities submenu | 2 | |
| Right click | 100 | |
| Select / deselect | 66 | |
| Select group hotkey | 76 | |
| Use ability | 24 | |
303 total
» units
| Acolyte | 2 | |
| Ghoul | 3 | |
| Crypt Fiend | 6 | |
11 total
» upgrades
| Creature Carapace | 1 | |
| Creature Attack | 1 | |
2 total
» buildings
| Ziggurat | 4 | |
| Crypt | 1 | |
| Altar of Darkness | 1 | |
| Graveyard | 1 | |
| Halls of the Dead | 1 | |
| Tomb of Relics | 1 | |
9 total
» build order
00:07 Ziggurat
00:12 Crypt
00:34 Altar of Darkness
00:53 Graveyard
01:08 Ziggurat
01:46 Ziggurat
04:06 Halls of the Dead
04:36 Tomb of Relics
05:25 Ziggurat
team 2 (winner)
HellBoY-87 (
teal | 54 APM | 560 actions | 10:21)
4 Dark Ranger
2 Black Arrow
2 Silence
2 Priestess of the Moon
1 Scout
1 Trueshot Aura
» actions
| Assign group hotkey | 29 | |
| Build / train | 36 | |
| Enter build submenu | 10 | |
| Enter hero's abilities submenu | 6 | |
| Give item / drop item | 1 | |
| Right click | 170 | |
| Select / deselect | 139 | |
| Select group hotkey | 153 | |
| Use ability | 16 | |
560 total
» units
| Wisp | 14 | |
| Archer | 8 | |
| Forest Troll Berserker | 1 | |
| Hippogryph | 3 | |
26 total
» upgrades
» buildings
| Moon Well | 4 | |
| Ancient of War | 2 | |
| Altar of Elders | 1 | |
| Tree of Ages | 1 | |
| Ancient of Wind | 2 | |
| Tree of Life | 1 | |
11 total
» build order
01:19 Moon Well
01:43 Ancient of War
02:03 Altar of Elders
02:07 Moon Well
03:47 Tree of Ages
05:16 Moon Well
05:50 Ancient of War
05:55 Moon Well
06:59 Ancient of Wind
07:01 Ancient of Wind
07:49 Tree of Life
Wuaaast (
blue | 66 APM | 683 actions | 10:21)
2 Mountain King
1 Storm Bolt
1 Bash
1 Paladin
1 Holy Light
» actions
| Assign group hotkey | 12 | |
| Build / train | 45 | |
| ESC pressed | 1 | |
| Enter build submenu | 22 | |
| Enter hero's abilities submenu | 3 | |
| Right click | 291 | |
| Select / deselect | 153 | |
| Select group hotkey | 117 | |
| Use ability | 39 | |
683 total
» units
» upgrades
» buildings
| Farm | 5 | |
| Altar of Kings | 1 | |
| Barracks | 1 | |
| Scout Tower | 4 | |
| Lumber Mill | 1 | |
| Arcane Vault | 1 | |
| Arcane Tower | 1 | |
| Keep | 2 | |
| Blacksmith | 1 | |
| Guard Tower | 1 | |
| Arcane Sanctum | 2 | |
| Workshop | 1 | |
21 total
» build order
00:21 Farm
00:52 Altar of Kings
01:22 Farm
01:26 Barracks
02:14 Scout Tower
02:17 Scout Tower
02:23 Lumber Mill
02:31 Farm
03:02 Arcane Vault
03:07 Arcane Tower
03:18 Scout Tower
03:42 Keep
03:42 Keep
04:51 Blacksmith
05:45 Farm
05:47 Farm
05:50 Guard Tower
06:32 Arcane Sanctum
07:22 Arcane Sanctum
07:25 Scout Tower
09:26 Workshop
» items
| Scroll of Regeneration | 2 | |
| Lesser Clarity Potion | 2 | |
| Ivory Tower | 1 | |
| Potion of Healing | 1 | |
6 total
GalaxyDefender (
green | 57 APM | 593 actions | 10:21)
2 Archmage
1 Summon Water Elemental
1 Brilliance Aura
1 Paladin
1 Holy Light
» actions
| Basic commands | 6 | |
| Build / train | 67 | |
| ESC pressed | 1 | |
| Enter build submenu | 26 | |
| Enter hero's abilities submenu | 3 | |
| Right click | 283 | |
| Select / deselect | 163 | |
| Use ability | 44 | |
593 total
» units
| Peasant | 20 | |
| Rifleman | 2 | |
| Mortar Team | 3 | |
| Knight | 1 | |
26 total
» upgrades
| Masonry | 2 | |
| Lumber Harvesting | 2 | |
| Flare | 1 | |
| Swords | 1 | |
| Animal War Training | 1 | |
| Fragmentation Shards | 1 | |
8 total
» buildings
| Lumber Mill | 1 | |
| Farm | 8 | |
| Scout Tower | 7 | |
| Altar of Kings | 1 | |
| Guard Tower | 6 | |
| Keep | 4 | |
| Arcane Tower | 2 | |
| Arcane Vault | 1 | |
| Blacksmith | 1 | |
| Town Hall | 1 | |
| Barracks | 1 | |
| Castle | 1 | |
| Workshop | 1 | |
| Arcane Sanctum | 1 | |
36 total
» build order
00:21 Lumber Mill
00:39 Farm
00:55 Scout Tower
01:05 Altar of Kings
01:19 Farm
01:25 Scout Tower
01:53 Guard Tower
01:56 Scout Tower
02:13 Scout Tower
02:24 Guard Tower
02:24 Guard Tower
02:24 Guard Tower
02:36 Scout Tower
02:42 Scout Tower
02:50 Guard Tower
02:53 Scout Tower
03:19 Keep
03:19 Keep
03:19 Keep
03:20 Keep
03:24 Arcane Tower
03:30 Arcane Vault
03:36 Arcane Tower
03:37 Guard Tower
03:42 Farm
04:25 Blacksmith
04:45 Farm
05:38 Farm
05:44 Town Hall
05:52 Barracks
05:54 Castle
06:15 Workshop
07:28 Farm
08:10 Farm
08:53 Farm
10:20 Arcane Sanctum
» items
| Scroll of Town Portal | 4 | |
| Potion of Healing | 5 | |
9 total

»
KVK (
orange | 50 APM | 520 actions | 10:21)
3 Archmage
2 Summon Water Elemental
1 Brilliance Aura
» actions
| Assign group hotkey | 8 | |
| Basic commands | 1 | |
| Build / train | 34 | |
| Enter build submenu | 20 | |
| Enter hero's abilities submenu | 4 | |
| Remove unit from queue | 1 | |
| Right click | 145 | |
| Select / deselect | 119 | |
| Select group hotkey | 162 | |
| Use ability | 26 | |
520 total
» units
| Peasant | 10 | |
| Footman | 4 | |
| Rifleman | 5 | |
| Mortar Team | 3 | |
22 total
» upgrades
| Gunpowder | 1 | |
| Armor | 1 | |
| Long Rifles | 1 | |
3 total
» buildings
| Barracks | 1 | |
| Farm | 9 | |
| Altar of Kings | 1 | |
| Blacksmith | 1 | |
| Arcane Vault | 1 | |
| Scout Tower | 2 | |
| Keep | 1 | |
| Arcane Tower | 2 | |
| Lumber Mill | 1 | |
| Workshop | 2 | |
21 total
» build order
00:10 Barracks
00:23 Farm
00:59 Farm
01:08 Altar of Kings
02:14 Farm
02:27 Blacksmith
02:56 Farm
03:36 Arcane Vault
03:45 Farm
04:25 Scout Tower
04:46 Scout Tower
05:05 Keep
05:20 Arcane Tower
05:21 Arcane Tower
05:34 Lumber Mill
06:27 Farm
07:33 Workshop
07:39 Farm
08:19 Farm
09:25 Farm
09:30 Workshop
» items
Chat log
(00:10 / Allies) big69: 100gplz
(00:10 / Allies) Hasdrubal1989: feed me red?
(00:15 / Allies) Hasdrubal1989: for fast wyrms
(00:18 / Allies) big69: no
(00:22 / Allies) big69: dont feed on this map
(00:25 / Allies) big69: play normal all
(00:28 / Allies) big69: make all mass and its win
(00:40 / Allies) Hasdrubal1989: ty red
(02:19 / Allies) big69: ehh....
(02:19 / Allies) Chipsy89: tauren
(02:36 / Allies) big69: purple tactic/
(02:53 / Allies) big69: why without units?..
(03:19 / Allies) big69: if u dont stop towers i teamkill
(03:22 / Allies) big69: its waste time
(03:41 / Allies) Hasdrubal1989: he teck
(03:45 / Allies) FrancaisForce: Suck my fat one you English ragamuffin
(03:47 / Allies) big69: no coment
(04:09 / Allies) FrancaisForce: I fart in your general direction
(05:19 / Allies) FrancaisForce: Do not enter my base or I will be forced to meet you with lethal force!
(05:31 / Allies) big69: ok liek u want
(05:53 / All) big69: purple is totla idiot
(05:56 / All) big69: i destroy my base
(06:00 / All) Wuaaast: -.-
(06:00 / All) big69: come kill this idiot boys
(06:06 / All) FrancaisForce: LEAVE ENGLISH PIGDOG!
(06:16 / All) Wuaaast: fuck u yel just leave
(06:30 / All) big69: red pink u lost time by idiot purple
(06:49 / Allies) FrancaisForce: Do not threaten me and then enter my lands! You buffoon!
(08:36 / All) Wuaaast: Lol
(09:17 / All) Wuaaast: pink ur totally useless
(10:12 / All) FrancaisForce: I leave! My allies are clearly new, and although I can easily beat any of you one on one
(10:18 / All) FrancaisForce: this team is clearly doomed through no fault of my own!